 Dungeon Crawl Stone Soup version 0.28.0-43-g3370ac3207 (webtiles) character file.

Game seed: 12039986855131578447

1379 tizbic2 the Cudgeller (level 8, -1/68 HPs)
             Began as a Ghoul Gladiator on Mar 23, 2022.
             Was an Initiate of Cheibriados.
             Slain by a troll (13 damage)
             ... on level 6 of the Dungeon.
             The game lasted 00:26:48 (6054 turns).

tizbic2 the Cudgeller (Ghoul Gladiator)             Turns: 6054, Time: 00:26:50

Health: -1/68      AC: 14    Str: 21    XL:     8   Next: 66%
Magic:  8/8        EV:  8    Int:  4    God:    Cheibriados [......]
Gold:   281        SH:  0    Dex: 11    Spells: 7/7 levels left

rFire   . . .      SeeInvis +   k - +1 dagger (drain)
rCold   + . .      Faith    .   (no shield)
rNeg    + + +      Spirit   .   y - +0 chain mail
rPois   ∞          Reflect  .   c - +0 helmet
rElec   .          Harm     .   p - +2 cloak
rCorr   .          Rampage  .   (no gloves)
Will    .....                   x - +0 pair of boots
Stlth   ..........              (no amulet)
HPRegen 0.00/turn               t - ring of wizardry
MPRegen 0.11/turn               r - ring of see invisible

@: inhibited regen, very slow
A: claws 1, cold resistance 1, negative energy resistance 3, inhibited
regeneration, torment resistance 2
a: Renounce Religion


You were on level 6 of the Dungeon.
You worshipped Cheibriados.
Cheibriados was noncommittal.
You visited 2 branches of the dungeon, and saw 7 of its levels.

You collected 281 gold pieces.

Inventory:

Hand Weapons
 a - a +0 flail
 g - a +0 hand axe
 k - a +1 dagger of draining (weapon)
 z - a +0 mace
Missiles
 b - 177 stones (quivered)
 d - 3 throwing nets
 u - 3 boomerangs
 v - 8 poisoned darts
 w - 4 javelins
Armour
 c - a +0 helmet (worn)
 m - the +0 cloak of the Watchman {Str+3}
   (You found it on level 6 of the Dungeon)

   Str:       It affects your strength (+3).
 p - a +2 cloak (worn)
 x - a +0 pair of boots (worn)
 y - a +0 chain mail (worn)
 D - the +1 scale mail of the Orb {rN+ Int+8 Stlth-}
   (You found it on level 6 of the Dungeon)

   Int:       It affects your intelligence (+8).
   rN:        It protects you from negative energy.
   Stlth:     It makes you less stealthy.
Jewellery
 r - a ring of see invisible (right claw)
 t - a ring of wizardry (left claw)
Wands
 A - a wand of flame (2)
Scrolls
 f - 6 scrolls of vulnerability
 h - a scroll of magic mapping {unknown}
 o - 3 scrolls of torment
 s - a scroll of identify
 B - a scroll of teleportation
Potions
 e - 2 potions of curing
 j - a potion of invisibility {unknown}
 l - a potion of might {unknown}
 n - 2 potions of haste {unknown}
 q - a potion of attraction {unknown}
 C - a potion of resistance {unknown}


   Skills:
 + Level 5.1 Fighting
 * Level 6.2 Maces & Flails
 * Level 5.7 Throwing
 + Level 2.1 Armour
 - Level 2.6 Dodging
 + Level 2.5 Invocations


You had 7 spell levels left.
You didn't know any spells.
Your spell library contained the following spells:

 Spells                   Type           Power      Damage    Failure   Level
 Freeze                   Ice            0%         1d3       89%         1
 Shock                    Conj/Air       0%         1d3       89%         1
 Frozen Ramparts          Ice            0%         1d2       99%         3
 Swiftness                Air            0%         N/A       99%         3
 Airstrike                Air            0%         N/A       100%        4
 Animate Dead             Necr           0%         N/A       100%        4
 Hailstorm                Conj/Ice       0%         3d3       100%        4
 Borgnjor's Vile Clutch   Necr/Erth      0%         N/A       100%        5
 Death Channel            Necr           0%         N/A       100%        6


Dungeon Overview and Level Annotations

Branches:
Dungeon (6/15)             Temple (1/1) D:5

Altars:
Cheibriados
Dithmenos
Elyvilon
Gozag
Hepliaklqana
Kikubaaqudgha
Makhleb
Nemelex Xobeh
Ru
Trog
Uskayaw
Vehumet
Wu Jian
Yredelemnul
Zin
The Shining One

Shops:
D:1 [


Innate Abilities, Weirdness & Mutations

You thrive by killing the living.
You are immune to poison.
You have sharp fingernails.
Your flesh is cold resistant. (rC+)
You are immune to negative energy. (rN+++)
You do not regenerate when monsters are visible.
You are immune to unholy pain and torment.


Message History

Unknown command.
Aiming: Throw Flame
Press: ? - help, Shift-Dir - straight line, f/p - troll
Aim: a troll (moderately wounded, lightly drained, 68% to hit)
The puff of flame hits the troll.
The troll is moderately wounded.
The troll bites you but does no damage. The troll claws you.
* * * LOW HITPOINT WARNING * * *
The troll claws you.
* * * LOW HITPOINT WARNING * * *
You feel much better. The troll bites you! The troll claws you.
* * * LOW HITPOINT WARNING * * *
The troll claws you but does no damage.
Aiming: Throw Flame
Press: ? - help, Shift-Dir - straight line, f/p - troll
Aim: a troll (moderately wounded, lightly drained, 68% to hit)
The puff of flame hits the troll.
The troll is moderately wounded.
The troll barely misses you. The troll claws you but does no damage.
The troll claws you!
* * * LOW HITPOINT WARNING * * *
Aiming: Throw Flame
Press: ? - help, Shift-Dir - straight line, f/p - troll
Aim: a troll (moderately wounded, lightly drained, 68% to hit)
The puff of flame misses the troll.
The troll barely misses you.
The troll claws you but does no damage. x2
Aiming: Throw Flame
Press: ? - help, Shift-Dir - straight line, f/p - troll
Aim: a troll (moderately wounded, lightly drained, 68% to hit)
The puff of flame hits the troll.
The troll is moderately wounded.
The troll closely misses you. x2; The troll claws you but does no damage.
Unknown command.
Aiming: Throw Flame
Press: ? - help, Shift-Dir - straight line, f/p - troll
Aim: a troll (moderately wounded, lightly drained, 68% to hit)
The puff of flame hits the troll.
The troll is heavily wounded.
The troll bites you!
You die...

.###.....#........T.######..#.###
..#†.....##......................
.....#...#....##..##.>.....#.....
..)..#...##...#...#######.##.....
.........#........# #.....##.....
........###...#.### #......#.....
<........# ###..## #...#........
........... #.T.####.##..#.##..
.....(...... #@..#.#....>...###
.....#........##..............#
....##.#............##.....####
..### # ...##...[...##.....# .##
#.####..#......# ## ##
....>....## .........#
#.....#..## ...#... ##


You could see a troll (drained).

Vanquished Creatures
  Eustachio (D:5)
  A sky beast (D:6)
  An ice beast (D:5)
  2 ogres
  2 centaurs (D:6)
  2 water moccasin zombies
  A scorpion (D:5)
  A water moccasin skeleton (D:5)
  A hound (D:6)
  3 orc priests
  An iguana (D:5)
  3 orc wizards
  A killer bee zombie (D:6)
  2 hound skeletons (D:4)
  Robin (D:3)
  12 adders
  3 gnolls (D:3)
  2 ufetubi
  2 worms
  10 orcs
  7 ball pythons
  11 bats
  An endoplasm (D:4)
  3 giant cockroaches
  11 goblins
  9 hobgoblins
  8 jackals
  5 quokkas
  3 frilled lizards
  3 kobolds
  7 rats
120 creatures vanquished.

Vanquished Creatures (others)
  A plant (D:2)
1 creature vanquished.

Grand Total: 121 creatures vanquished

Notes
Turn   | Place    | Note
-------+----------+-------------------------------------------
     0 | D:1      | tizbic2 the Ghoul Gladiator began the quest for the Orb.
     0 | D:1      | Reached XP level 1. HP: 17/17 MP: 0/0
   327 | D:1      | Reached XP level 2. HP: 25/25 MP: 1/1
   372 | D:1      | Reached skill level 3 in Maces & Flails
   528 | D:1      | Found Kitaaw's Antique Armour Shop.
   813 | D:1      | Found a faded altar of an unknown god.
   973 | D:1      | Reached XP level 3. HP: 30/30 MP: 2/2
  1335 | D:2      | Reached XP level 4. HP: 37/37 MP: 3/3
  1431 | D:2      | Identified the ring of Ymmoe {Wiz *Corrode rPois Int+7
                  | SInv}
  1656 | D:3      | Noticed Robin
  2078 | D:3      | Reached XP level 5. HP: 25/45 MP: 4/4
  2560 | D:3      | Reached skill level 4 in Maces & Flails
  2947 | D:3      | Reached XP level 6. HP: 46/51 MP: 5/5
  2993 | D:3      | Killed Robin
  3441 | D:3      | Found an ancient bone altar of Kikubaaqudgha.
  3452 | D:3      | Found a radiant altar of Vehumet.
  3964 | D:4      | Reached XP level 7. HP: 51/59 MP: 6/6
  3988 | D:4      | Reached skill level 5 in Maces & Flails
  4215 | D:5      | Entered Level 5 of the Dungeon
  4362 | D:5      | Found a staircase to the Ecumenical Temple.
  4367 | Temple   | Entered the Ecumenical Temple
  4448 | Temple   | Became a worshipper of Cheibriados the Contemplative
  4697 | D:5      | Noticed Eustachio
  4716 | D:5      | Killed Eustachio
  4717 | D:5      | Reached skill level 5 in Throwing
  4717 | D:5      | Reached skill level 1 in Armour
  4717 | D:5      | Reached skill level 1 in Invocations
  4874 | D:5      | Reached XP level 8. HP: 62/67 MP: 6/8
  5296 | D:6      | Identified the +0 cloak of the Watchman {Str+3}
  5624 | D:6      | Reached skill level 5 in Fighting
  5624 | D:6      | Reached skill level 6 in Maces & Flails
  5756 | D:6      | Identified the +1 scale mail of the Orb {rN+ Int+8 Stlth-}
  5756 | D:6      | Noticed a troll
  6054 | D:6      | Slain by a troll

Illustrated notes

Levels and vault maps discovered:
D:1:      wander_arrival_chamber, layout_basic,
          shapermc_ecumenical_altar_flowoftime, serial_shops, shop
D:2:      layout_basic, basic_altar, serial_forest,
          infiniplex_forest_clump_diagonal, infiniplex_forest_clump_diagonal,
          infiniplex_forest_lined_room_, infiniplex_forest_lined_room_3,
          infiniplex_forest_straight_5, infiniplex_forest_straight_4
D:3:      layout_rooms, nicolae_overflow_hidden_temple, uniq_robin
D:4:      layout_cave_pools
D:5:      layout_cave_pods, temple_doors_e, uniq_eustachio
D:6:      layout_cave_pools, nicolae_qazlal_eye_of_the_storm, lemuel_round_altar
Temple:   nicolae_temple_great_sept

Skill      XL: |  1  2  3  4  5  6  7  8 |
---------------+-------------------------+-----
Throwing       | 2 3 4 5 |  5.7
Maces & Flails | 3 4 5 6 |  6.2
Fighting       | 3 4 5 |  5.1
Armour         | 1 2 |  2.1
Invocations    | 1 2 |  2.5
Dodging        | |  2.6

Action                   |  1- 3 |  4- 6 |  7- 9 || total
-------------------------+-------+-------+-------++-------
Melee: Flail             |    22 |     7 |       ||    29
       Club              |    23 |       |       ||    23
       Dagger            |    65 |   233 |   228 ||   526
       Punch             |       |     4 |     4 ||     8
       Mace              |       |       |    12 ||    12
Throw: Stone             |    37 |    44 |    13 ||    94
       Dart              |     6 |     6 |     7 ||    19
       Javelin           |       |     5 |     3 ||     8
Evoke: Wand              |       |       |     6 ||     6
  Use: Potion            |       |     4 |     1 ||     5
       Scroll            |       |       |     7 ||     7
Armor: Ring mail         |    53 |    68 |       ||   121
       Leather armour    |     2 |       |       ||     2
       Scale mail        |       |    57 |    22 ||    79
       Chain mail        |       |       |   200 ||   200
Dodge: Dodged            |    80 |   151 |   159 ||   390
